 Dungeon Crawl Stone Soup version 0.30.1-11-g7821555f0a (webtiles) character file.

Game seed: 1155660466497095966

100 growler the Gusty (level 4, -3/24 HPs)
             Began as a Tengu Air Elementalist on Oct 30, 2023.
             Slain by a cerulean imp
             ... wielding a +4 spear
             ... summoned by Natasha
              (4 damage)
             ... on level 2 of the Dungeon on Oct 31, 2023.
             The game lasted 00:04:47 (1878 turns).

growler the Gusty (Tengu Air Elementalist)          Turns: 1878, Time: 00:04:47

Health: -3/24      AC:  3    Str:  8    XL:     4   Next: 73%
Magic:  0/9        EV: 12    Int: 18    God:
Gold:   52         SH:  0    Dex: 14    Spells: 3/9 levels left

rFire   . . .        (no weapon)
rCold   . . .        (no shield)
rNeg    . . .        a - +0 robe
rPois   .            (helmet restricted)
rElec   .            j - +0 cloak
rCorr   .            (no gloves)
SInv    .            (boots unavailable)
Will    .....        (no amulet)
Stlth   ++           (no ring)
HPRegen 0.24/turn    (no ring)
MPRegen 0.11/turn

%: no passive effects
@: no status effects
A: beak, talons 3
a: no special abilities


You were on level 2 of the Dungeon.
You visited 1 branch of the dungeon, and saw 2 of its levels.

You collected 52 gold pieces.

Inventory:

Armour
 a - a +0 robe (worn)
 j - a +0 cloak (worn)
Scrolls
 d - a scroll of teleportation {unknown}
 e - a scroll of summoning {unknown}
 f - 2 scrolls of identify {unknown}
 h - a scroll of poison {unknown}
 k - a scroll of amnesia {unknown}
Potions
 b - a potion of magic
 c - a potion of curing {unknown}
 g - 2 potions of degeneration {unknown}
 i - 2 potions of haste {unknown}


   Skills:
 - Level 2.1 Dodging
 - Level 2.0 Stealth
 + Level 3.0 Spellcasting
 + Level 3.4 Conjurations
 + Level 5.2 Air Magic


You had 3 spell levels left.
You knew the following spells:

 Your Spells              Type           Power      Damage    Failure   Level
a - Shock                 Conj/Air       72%        1d7       2%          1
b - Static Discharge      Conj/Air       36%        2-4/arc   4%          2
c - Swiftness             Air            21%        N/A       6%          3

Your spell library contained the following spells:

 Spells                   Type           Power      Damage    Failure   Level
 Vhi's Electric Charge    Tloc/Air       24%        N/A       17%         3
 Airstrike                Air            10%        2d(2-18)  19%         4
 Arcjolt                  Conj/Air       9%         1d19      58%         5
 Maxwell's Capacitive Co  Air            10%        ∞         100%        8


Dungeon Overview and Level Annotations

Branches:
Dungeon (2/15)

Altars:
Qazlal

Shops:
D:2 [

Annotations:
D:2 Natasha


Innate Abilities, Weirdness & Mutations

You have a beak for a mouth.
You have claws for feet.


Message History

Confirm with . or Enter, or press ? or * to list all spells.
Natasha is struck by an arc of lightning.
Natasha is severely wounded.
You are struck by an arc of lightning.
The lightning grounds out.
Natasha closely misses you. The cerulean imp barely misses you.
Unknown command.
Casting: Static Discharge (safe; 4% risk of failure)
Confirm with . or Enter, or press ? or * to list all spells.
Natasha is struck by an arc of lightning.
Natasha is almost dead.
The cerulean imp is struck by an arc of lightning.
The cerulean imp resists.
The cerulean imp is moderately wounded.
You are struck by an arc of lightning.
The lightning grounds out.
The cerulean imp is struck by an arc of lightning.
The cerulean imp resists.
The cerulean imp is heavily wounded.
You are struck by an arc of lightning.
The lightning grounds out.
Natasha misses you.
The cerulean imp hits you with a +4 spear!
* * * LOW HITPOINT WARNING * * *
You barely miss Natasha. You peck Natasha, but do no damage.
Natasha is almost dead.
Natasha closely misses you. The cerulean imp barely misses you.
You hit Natasha but do no damage.
Natasha is almost dead.
Natasha misses you.
The cerulean imp hits you with a +4 spear.
* * * LOW HITPOINT WARNING * * *
Casting: Static Discharge (safe; 4% risk of failure)
Confirm with . or Enter, or press ? or * to list all spells.
Aiming: Shock (safe; 2% risk of failure)
Press: ? - help, Shift-Dir - straight line, f/p - Natasha
Aim: Natasha (almost dead, 64% to hit)
The zap misses Natasha.
Natasha mewls in sadness.
Natasha claws you.
* * * LOW HITPOINT WARNING * * *
The cerulean imp hits you with a +4 spear.
You die...

.......##.....
........##..$.
.......##...#
........#...#
..........#
.....#...# . #
#.#.##5..#....
#.####.#...@h......
........###########
........# ###### ###
........#####.....#
....
#.####......#.....##
.....#
######.#.......
.....# #............
.....# #
#.##......... .....#
#.#..#.....#.##


You could see Natasha and a cerulean imp (summoned).

Vanquished Creatures
  Natasha (twice) (D:2)
  2 adders (D:2)
  3 dart slugs (D:2)
  6 endoplasms
  2 giant cockroaches
  A goblin (D:2)
  A hobgoblin (D:1)
  5 kobolds
  A quokka (D:2)
  A ball python (D:1)
  A bat (D:2)
  A frilled lizard (D:1)
  2 rats
28 creatures vanquished.

Notes
Turn   | Place    | Note
-------+----------+-------------------------------------------
     0 | D:1      | growler the Tengu Air Elementalist began the quest for the
                  | Orb.
     0 | D:1      | Reached XP level 1. HP: 10/10 MP: 4/4
   251 | D:1      | Found a faded altar of an unknown god.
   370 | D:1      | Reached XP level 2. HP: 8/15 MP: 0/6
   434 | D:1      | Learned a level 2 spell: Static Discharge
  1004 | D:2      | Reached XP level 3. HP: 19/19 MP: 2/7
  1095 | D:2      | Found Nommempo's Armour Shoppe.
  1343 | D:2      | Learned a level 3 spell: Swiftness
  1422 | D:2      | Noticed Natasha
  1431 | D:2      | Killed Natasha
  1432 | D:2      | Reached skill level 5 in Air Magic
  1432 | D:2      | Reached XP level 4. HP: 17/24 MP: 0/9
  1540 | D:2      | Found a stormy altar of Qazlal.
  1607 | D:2      | Noticed Natasha
  1777 | D:2      | Killed Natasha
  1866 | D:2      | Noticed Natasha
  1878 | D:2      | HP: 1/24 [Natasha (2)]
  1878 | D:2      | Slain by a cerulean imp

Illustrated notes

Levels and vault maps discovered:
D:1:      nagdon_arrival_zigzag_paths, layout_basic, basic_ecumenical_altar
D:2:      layout_basic, serial_shops, shop, basic_altar, nicolae_half_adder,
          uniq_natasha

Skill      XL: |  1  2  3  4 |
---------------+-------------+-----
Conjurations   | 2 3 |  3.4
Air Magic      | 5 |  5.2
Spellcasting   | 3 |  3.0
Dodging        | |  2.1
Stealth        | |  2.0

Action                     |  1- 3 |  4- 6 || total
---------------------------+-------+-------++-------
  Melee: Unarmed           |     4 |     2 ||     6
         Kick              |     2 |       ||     2
         Peck              |     1 |     1 ||     2
   Cast: Shock             |    57 |    10 ||    67
         Static Discharge  |       |     6 ||     6
  Dodge: Dodged            |     6 |    16 ||    22
